 Dungeon Crawl Stone Soup version 0.30-a0-824-g6c64550be9 (webtiles) character file.

Game seed: 15026584482551183451

56 avis the Chopper (level 3, -2/31 HPs)
             Began as a Hill Orc Monk on Feb 28, 2023.
             Slain by Terence
             ... wielding a +2 falchion of electrocution
              (18 damage)
             ... on level 2 of the Dungeon.
             The game lasted 00:06:23 (1830 turns).

avis the Chopper (Hill Orc Monk)                    Turns: 1830, Time: 00:06:24

Health: -2/31      AC:  2    Str: 21    XL:     3   Next: 95%
Magic:  3/3        EV:  9    Int: 16    God:
Gold:   77         SH:  0    Dex: 13    Spells: 0/2 levels left

rFire   . . .      SeeInvis .    a - +0 hand axe
rCold   . . .      Faith    .    (no shield)
rNeg    . . .      Spirit   .    b - +0 robe
rPois   .          Reflect  .    (no helmet)
rElec   .          Harm     .    (no cloak)
rCorr   .          Rampage  .    (no gloves)
Will    .....                    (no boots)
Stlth   ++                       (no amulet)
HPRegen 0.25/turn                e - +6 ring of strength
MPRegen 0.08/turn                m - +6 ring of intelligence

@: grasped by roots, constricted
A: no striking features
a: no special abilities


You were on level 2 of the Dungeon.
You visited 1 branch of the dungeon, and saw 2 of its levels.

You collected 77 gold pieces.

Inventory:

Hand Weapons
 a - a +0 hand axe (weapon)
Missiles
 d - 12 poisoned darts (quivered)
Armour
 b - a +0 robe (worn)
Jewellery
 e - a +6 ring of strength (left hand)
 m - a +6 ring of intelligence (right hand)
Wands
 l - a wand of flame (18)
Scrolls
 i - a scroll of teleportation {unknown}
 j - a scroll of immolation {unknown}
 k - a scroll of identify {unknown}
Potions
 c - a potion of ambrosia
 f - 2 potions of brilliance {unknown}
 g - a potion of degeneration {unknown}
 h - 2 potions of curing {unknown}


   Skills:
 - Level 3.6 Fighting
 * Level 6.3 Axes
 - Level 2.4 Dodging
 - Level 1.5 Stealth


You couldn't memorise any spells.
You knew the following spells:

 Your Spells              Type           Power      Damage    Failure   Level
e - Wereblood             Tmut           0%         N/A       36%         2

Your spell library contained the following spells:

 Spells                   Type           Power      Damage    Failure   Level
 Beastly Appendage        Tmut           0%         N/A       26%         1
 Spider Form              Tmut/Pois      0%         N/A       58%         3


Dungeon Overview and Level Annotations

Branches:
Dungeon (2/15)

Altars:

Annotations:
D:2 Sigmund, Terence


Message History

You slash the worm!
The worm is heavily wounded.
You hit the worm but do no damage.
The worm is heavily wounded.
The worm bites you.
You hit the worm but do no damage.
The worm is heavily wounded.
You hit the worm.
The worm is severely wounded.
The worm bites you.
* * * LOW HITPOINT WARNING * * *
You hit the worm.
The worm is almost dead.
You hit the worm.
You kill the worm!
You now have 67 gold pieces (gained 9).
You start resting.
HP restored.
You see here a worm corpse.
You open the door.
Found 10 gold pieces and a coral ring.
There is an open door here.
You now have 77 gold pieces (gained 10).
Terence the Incautious comes into view.
He is wielding a +2 falchion of electrocution and carrying a wand of roots (9).
m - a +6 ring of intelligence You feel clever.
m - a +6 ring of intelligence (right hand) Terence shouts!
Terence zaps a wand.
The roots erupt in riotous growth!
The grasping roots grab you! The grasping roots constrict you.
You hear an angry hiss. x4; You hear a shout!
The roots grasp on you weakens, but your attempt to escape fails.
Terence screams, "I want your blood!" The grasping roots constrict you.
You closely miss Terence.
Terence hits you with a +2 falchion of electrocution!
You are electrocuted!!
Ouch! That really hurt!
You die...

.# .# .## ##+## #
..# ##...####.##
..##
##.....#@@..#
...##
##.......#####
#...####.......##
...†...'.......#
.....###.......#
.#..## ##......#
..#.# ##.....#
...## ##...#.#
..+# ##+###..


You could see Terence.

Vanquished Creatures
  An adder (D:2)
  A worm (D:2)
  2 dart slugs (D:1)
  2 ball pythons (D:1)
  5 endoplasms (D:1)
  A goblin (D:1)
  5 hobgoblins
  6 jackals (D:1)
  2 quokkas (D:1)
  3 bats (D:1)
  2 frilled lizards (D:2)
  2 kobolds (D:1)
  4 rats (D:1)
36 creatures vanquished.

Notes
Turn   | Place    | Note
-------+----------+-------------------------------------------
     0 | D:1      | avis the Hill Orc Monk began the quest for the Orb.
     0 | D:1      | Reached XP level 1. HP: 19/19 MP: 1/1
   232 | D:1      | Reached XP level 2. HP: 25/26 MP: 2/2
   356 | D:1      | Reached skill level 5 in Axes
   607 | D:1      | Reached XP level 3. HP: 31/31 MP: 3/3
  1061 | D:2      | Noticed Sigmund
  1204 | D:2      | Reached skill level 6 in Axes
  1450 | D:2      | Learned a level 2 spell: Wereblood
  1814 | D:2      | Noticed Terence
  1830 | D:2      | Slain by Terence

Illustrated notes

Levels and vault maps discovered:
D:1:      dpeg_chamrin_arrival_tetris, layout_basic, hangedman_decor_push,
          chequers_serial_rivers_marsh
D:2:      layout_loops_corners, basic_altar, minmay_joined_circles,
          uniq_sigmund, uniq_terence, uniq_crazy_yiuf_cottage

Skill      XL: |  1  2  3 |
---------------+----------+-----
Axes           | 5 6 |  6.3
Fighting       | |  3.6
Dodging        | |  2.4
Stealth        | |  1.5

Action                     || total
---------------------------++-------
  Melee: Hand axe          ||   112
   Stab: Sleeping          ||     2
 Armour: Robe              ||    18
  Dodge: Dodged            ||    52

Table legend: (Time is in decaauts)
 A = Elapsed time spent in this place.
 B = Non-inter-level travel time spent in this place.
 C = Inter-level travel time spent in this place.
 D = Time resting spent in this place.
 E = Time spent auto-exploring this place.
 F = Levels seen in this place.
 G = Mean time per level.
                   A        B        C        D        E       F      G
               +--------+--------+--------+--------+--------+-----+--------+
         Total |   1839 |   1623 |    216 |    328 |    895 |   2 |  919.5 |
       Dungeon |   1839 |   1623 |    216 |    328 |    895 |   2 |  919.5 |
               +--------+--------+--------+--------+--------+-----+--------+

Top non-repeatable levels by time:
     D:1: 1335 daAuts
     D:2: 503 daAuts
